AoeStats
← [KMNB] Bandeira

African Clearing

506925248Analyzed
3v3 RM · 18d ago on Sep 15, 2026· 60m 16s· 6 players
Game mode
Random Map
Map size
Normal (6 player)
Population
200
Speed
Normal
Resources
Standard
Victory
Conquest
Starting age
Dark Age
Ending age
Imperial Age
RankedLock teamsTeams togetherTeam positionsShared explorationLock speedFull tech treeHidden civsTurbo modeCheats
Victory
Defeat
🇧🇷 Huns · Brazil
1553
+26
🇧🇷 Magyars · Brazil
1530
+27
🇧🇷 Ethiopians · Brazil
1499
+27
🇩🇪 Mongols · Germany
1834
-27
🇩🇪 Inca · Germany
1808
-27
🇩🇪 Huns · Germany
1769
-26
Lukas_AoE
3:32 Loom
13:44 Feudal Age
17:30 Castle Age
15:45 Double-Bit Axe
23:49 Fletching
26:58 Bodkin Arrow
27:37 Town Watch
27:55 Padded Archer Armor
29:47 Ballistics
29:42 Leather Archer Armor
31:53 Wheelbarrow
33:17 Horse Collar
33:51 Bow Saw
33:52 Stone Mining
33:53 Gold Mining
38:27 Imperial Age
36:23 Husbandry
36:33 Bloodlines
38:12 Gold Shaft Mining
38:13 Stone Shaft Mining
39:07 Hand Cart
39:03 Thumb Ring
39:08 Bracer
40:19 Chemistry
39:43 Heavy Plow
40:58 Parthian Tactics
41:19 Conscription
41:36 Onager
43:26 Drill
45:38 Siege Engineers
47:07 Siege Onager
49:57 Elite Mangudai
51:36 Capped Ram
52:32 Siege Ram
WARChris
6:53 Loom
13:11 Feudal Age
17:12 Castle Age
17:50 Fletching
20:52 Bodkin Arrow
23:55 Padded Archer Armor
24:02 Double-Bit Axe
26:50 Bloodlines
27:09 Ballistics
27:45 Husbandry
28:00 Horse Collar
31:20 Leather Archer Armor
34:49 Thumb Ring
41:50 Imperial Age
39:58 Wheelbarrow
39:48 Town Watch
40:06 Gold Mining
40:29 Bow Saw
40:26 Heavy Plow
42:33 Bracer
42:06 Heavy Cavalry Archer
44:07 Chemistry
43:37 Parthian Tactics
45:08 Scale Barding Armor
45:14 Forging
44:54 Light Cavalry
46:57 Chain Barding Armor
49:18 Elite Skirmisher
53:51 Plate Barding Armor
58:47 Hand Cart
Tigry
13:00 Feudal Age
11:21 Loom
13:07 Feudal Age
17:19 Castle Age
15:18 Double-Bit Axe
15:17 Horse Collar
15:20 Champi Runner
17:49 Scale Mail Armor
18:10 Champi Warrior
27:43 Stone Mining
29:43 Bow Saw
30:34 Wheelbarrow
30:33 Squires
31:21 Chain Mail Armor
34:05 Heavy Plow
35:27 Forging
40:16 Imperial Age
38:17 Gold Mining
40:11 Iron Casting
39:49 Town Watch
41:43 Plate Mail Armor
41:37 Conscription
40:49 Capped Ram
41:37 Elite Champi Warrior
43:13 Fabric Shields
44:02 Pikeman
45:00 Halberdier
48:08 Blast Furnace
47:17 Siege Ram
52:23 Hand Cart
56:08 Arson
[KMNB] Bandeira
4:09 Loom
12:21 Feudal Age
13:26 Double-Bit Axe
16:57 Scale Barding Armor
23:20 Castle Age
21:27 Horse Collar
23:02 Bloodlines
22:50 Gold Mining
25:54 Husbandry
28:02 Bow Saw
29:08 Wheelbarrow
29:24 Chain Barding Armor
38:28 Hand Cart
42:57 Imperial Age
41:00 Heavy Plow
43:02 Cavalier
44:33 Plate Barding Armor
47:13 Light Cavalry
49:12 Hussar
49:24 Paladin
54:06 Two-Man Saw
53:39 Crop Rotation
[KMNB] Galodoido
10:47 Feudal Age
11:23 Loom
14:09 Fletching
17:37 Double-Bit Axe
19:09 Padded Archer Armor
25:54 Castle Age
23:37 Horse Collar
23:48 Gold Mining
26:59 Crossbowman
27:34 Bodkin Arrow
27:55 Leather Archer Armor
27:52 Bow Saw
29:31 Ballistics
33:38 Wheelbarrow
33:28 Thumb Ring
33:35 Heavy Plow
33:48 Stone Mining
34:34 Gold Shaft Mining
36:19 Hand Cart
40:26 Imperial Age
39:40 Stone Shaft Mining
38:51 Town Watch
40:03 Masonry
39:56 Town Patrol
40:29 Arbalester
41:17 Bracer
42:10 Ring Archer Armor
42:49 Chemistry
41:22 Elite Skirmisher
43:18 Architecture
43:27 Forging
43:17 Scale Mail Armor
43:19 Squires
43:33 Arson
44:10 Conscription
45:22 Two-Man Saw
45:20 Iron Casting
44:48 Royal Heirs
45:29 Coinage
46:24 Elite Shotel Warrior
48:21 Chain Mail Armor
49:32 Blast Furnace
51:20 Plate Mail Armor
Fs.Khronos
4:09 Loom
11:59 Feudal Age
13:16 Double-Bit Axe
17:59 Castle Age
16:01 Fletching
16:19 Gold Mining
18:40 Bodkin Arrow
18:56 Bow Saw
20:31 Wheelbarrow
20:28 Padded Archer Armor
25:18 Ballistics
25:08 Husbandry
28:16 Leather Archer Armor
28:25 Bloodlines
30:33 Town Watch
32:06 Horse Collar
33:12 Thumb Ring
39:18 Imperial Age
38:25 Gold Shaft Mining
37:40 Stone Mining
37:51 Heavy Plow
39:21 Hand Cart
39:21 Heavy Cavalry Archer
40:29 Parthian Tactics
41:23 Chemistry
40:50 Bracer
42:45 Coinage
44:02 Conscription
43:43 Capped Ram
46:25 Masonry
46:11 Murder Holes
45:43 Siege Ram
54:26 Light Cavalry
55:12 Scale Barding Armor
55:18 Forging
55:48 Hussar
60:52 Chain Barding Armor
61:07 Iron Casting
Connection lost

Rejoining the realm…

Still unreachable

The connection could not be restored.

Session expired

The server has moved on; the page needs a fresh start.